 Dungeon Crawl Stone Soup version 0.31-a0-152-g6aa68a64a1 (webtiles) character file.

Game seed: 1114549576663040349

295 qw the Chopper (level 6, 0/37 HPs)
             Began as a Gargoyle Fighter on June 10, 2023.
             Slain by a gnoll sergeant
             ... wielding a +0 vampiric trident
              (15 damage)
             ... on level 3 of the Dungeon.
             The game lasted 00:01:03 (1738 turns).

qw the Chopper (Gargoyle Fighter)                   Turns: 1738, Time: 00:01:03

Health: 0/37       AC:  8    Str: 28    XL:     6   Next: 34%
Magic:  6/6        EV: 16    Int:  9    God:
Gold:   108        SH:  4    Dex:  9    Spells: 5/5 levels left

rFire   . . .        Y - +0 war axe
rCold   . . .        c - +0 buckler
rNeg    + . .        a - +2 robe "Asytept" {Drain Str+7 Slay+3}
rPois   inf          (no helmet)
rElec   +            (no cloak)
rCorr   +            (no gloves)
SInv    .            (no boots)
Will    .....        k - amulet of faith
Stlth   +            e - +5 ring of evasion
HPRegen 0.26/turn    g - ring of resist corrosion
MPRegen 0.10/turn

%: faith
@: no status effects
A: sickness immunity, AC +4, negative energy resistance 1, electricity
resistance, torment resistance 1, petrification resistance
a: no special abilities


You were on level 3 of the Dungeon.
You visited 1 branch of the dungeon, and saw 3 of its levels.
You also visited: Sewer.

You collected 132 gold pieces.
You spent 24 gold pieces at shops.


Innate Abilities, Weirdness & Mutations

You are immune to sickness and miasma.
Your stone body is resilient. (AC +4)
You are immune to poison.
You resist negative energy. (rN+)
You are resistant to electric shocks. (rElec)
You are resistant to unholy torment.
You are immune to petrification.


   Skills:
 + Level 3.4 Fighting
 - Level 5.6 Axes
 - Level 3.2 Armour
 - Level 1.1 Dodging
 - Level 3.2 Shields


You had 5 spell levels left.
You didn't know any spells.
Your spell library was empty.

Inventory:

Hand Weapons
 i - a +0 flail
 Y - a +0 war axe (weapon)
Armour
 a - the +2 robe "Asytept" (worn) {Drain Str+7 Slay+3}
   (You found it in a sewer)

   Str:       It affects your strength (+7).
   Slay:      It affects your accuracy & damage with ranged weapons and melee
   (+3).
   Drain:     It drains your maximum health when unequipped.
 c - a +0 buckler (worn)
Jewellery
 e - a +5 ring of evasion (left hand)
 g - a ring of resist corrosion (right hand)
 k - an amulet of faith (around neck)
 o - a ring of ice
Scrolls
 b - a scroll of teleportation {unknown}
 h - a scroll of identify
Potions
 d - 4 potions of might
 f - a potion of heal wounds
 l - a potion of haste {unknown}
 m - a potion of attraction {unknown}
 n - a potion of ambrosia {unknown}

Dungeon Overview and Level Annotations

Branches:
Dungeon (3/15)              Sewer (visited)

Altars:

Shops:
D:1 ?


Message History

You block the gnoll sergeant's attack.
Enter note:
Enter note:
Enter note:
Enter note: You barely miss the gnoll sergeant.
The gnoll sergeant misses you.
You hit the gnoll sergeant but do no damage.
The gnoll sergeant barely misses you.
The gnoll sergeant hits you with a +0 vampiric trident!
A gnoll comes into view. It is wielding a +0 halberd.
You hit the gnoll sergeant but do no damage.
The gnoll sergeant barely misses you. The gnoll hits you but does no damage.
You hit the gnoll sergeant but do no damage.
The gnoll sergeant hits you but does no damage.
The gnoll hits you but does no damage.
You closely miss the gnoll sergeant.
The gnoll sergeant hits you with a +0 vampiric trident.
The gnoll misses you.
You hit the gnoll sergeant.
The gnoll sergeant is moderately wounded.
The gnoll sergeant barely misses you. You block the gnoll's attack.
You block the gnoll sergeant's attack.
The gnoll hits you from afar with a +0 halberd.
You barely miss the gnoll sergeant.
The gnoll sergeant is moderately wounded.
You block the gnoll sergeant's attack. The gnoll misses you.
You slash the gnoll sergeant!
The gnoll sergeant is almost dead.
You hear a shout! x2
The gnoll sergeant closely misses you. The gnoll misses you.
You hit the gnoll sergeant but do no damage.
The gnoll sergeant is almost dead.
The gnoll sergeant misses you. The gnoll completely misses you.
You barely miss the gnoll sergeant.
The gnoll sergeant is almost dead.
The gnoll sergeant hits you with a +0 vampiric trident!
The gnoll closely misses you.
The gnoll sergeant hits you with a +0 vampiric trident!
You die...

#.....#...####.# #
#.#####......... #
#.........##### #
##########......#.#
..# #....####.#.#
..# #...........#
..# #....####.###
..# #....# #)####
..# #....# #.@g.#
..# #....# ####g#
..# #....# # ..#
#....# ..# #....
..## ...# ..## ###


You could see a gnoll sergeant and a gnoll.

Vanquished Creatures
  A water moccasin (Sewer)
  Natasha (thrice) (D:2)
  4 gnolls (D:3)
  3 adders
  A dart slug (D:1)
  2 ball pythons
  2 endoplasms
  3 giant cockroaches
  3 goblins
  3 hobgoblins
  5 jackals
  4 kobolds
  A quokka (D:3)
  6 bats
  A frilled lizard (D:1)
  5 rats
47 creatures vanquished.

Notes
Turn   | Place    | Note
-------+----------+-------------------------------------------
     0 | D:1      | qw the Gargoyle Fighter began the quest for the Orb.
     0 | D:1      | Reached XP level 1. HP: 14/14 MP: 1/1
     0 | D:1      | 0 ||| qw: Version: 0.2-a-29-gd901d54
     0 | D:1      | 0 ||| qw: Game counter: 3982
     0 | D:1      | 0 ||| qw: Always use a shield: true
     0 | D:1      | 0 ||| qw: God list: Okawaru
     0 | D:1      | 0 ||| qw: Allow faded altars: false
     0 | D:1      | 0 ||| qw: Do Orc after D:15 true
     0 | D:1      | 0 ||| qw: Do second Lair branch before Depths: true
     0 | D:1      | 0 ||| qw: Lair rune preference: random
     0 | D:1      | 0 ||| qw: Plans: Normal, Zot:1-4, Slime:5, God:TSO, Crypt,
                  | Tomb, Abyss, Pan, Hells, Win
     0 | D:1      | 0 ||| PLANNING D:1-11
    12 | D:1      | 12 ||| Stepping ~*~*~tactically~*~*~ (hiding).
   191 | D:1      | Found Viebauly's Magic Scroll Shop.
   198 | D:1      | Reached skill level 2 in Axes
   206 | D:1      | 206 ||| SHOPLISTING scroll of enchant armour (90 gold, have
                  | 25).
   206 | D:1      | 206 ||| BUYING scroll of identify (24 gold).
   206 | D:1      | Bought a scroll of identify for 24 gold pieces
   206 | D:1      | 206 ||| SHOPLISTING scroll of teleportation (36 gold, have
                  | 1).
   229 | D:1      | Reached XP level 2. HP: 15/19 MP: 2/2
   382 | D:1      | Found a faded altar of an unknown god.
   505 | D:1      | 505 ||| UPGRADING to amulet of faith.
   510 | D:1      | 510 ||| UPGRADING to +5 ring of evasion.
   511 | D:1      | 511 ||| UPGRADING to ring of resist corrosion.
   512 | D:1      | 512 ||| READING 4 scrolls labelled ONIPIA LEJEMI.
   513 | D:1      | 513 ||| READING 2 scrolls of identify.
   513 | D:1      | 513 ||| IDENTIFYING golden potion
   514 | D:1      | 514 ||| DROPPING 3 scrolls of immolation.
   515 | D:1      | 515 ||| DROPPING potion of invisibility.
   550 | D:2      | Noticed Natasha
   552 | D:2      | 552 ||| Stepping ~*~*~tactically~*~*~ (hiding).
   560 | D:2      | HP: 4/19 [Natasha (3)]
   561 | D:2      | Killed Natasha
   562 | D:2      | Reached skill level 3 in Axes
   562 | D:2      | Reached XP level 3. HP: 5/23 MP: 3/3
   610 | D:2      | Noticed Natasha
   611 | D:2      | 611 ||| Stepping ~*~*~tactically~*~*~ (hiding).
   621 | D:2      | Killed Natasha
   622 | D:2      | Reached XP level 4. HP: 9/28 MP: 4/4
   733 | D:2      | Noticed Natasha
   734 | D:2      | 734 ||| Stepping ~*~*~tactically~*~*~ (hiding).
   746 | D:2      | Killed Natasha
   747 | D:2      | Reached skill level 4 in Axes
   824 | D:2      | 824 ||| Stepping ~*~*~tactically~*~*~ (stealth).
   834 | D:2      | 834 ||| Stepping ~*~*~tactically~*~*~ (stealth).
  1145 | D:2      | 1145 ||| READING scroll labelled PAPNAM ZYBYUR.
  1146 | D:2      | 1146 ||| READING scroll labelled BOXYAHI FEKK.
  1147 | D:2      | 1147 ||| READING 2 scrolls of identify.
  1147 | D:2      | 1147 ||| IDENTIFYING fuming black potion
  1183 | D:3      | 1183 ||| PLANNING SEWER
  1192 | D:3      | Reached XP level 5. HP: 31/32 MP: 5/5
  1198 | D:3      | Found a glowing drain.
  1221 | Sewer    | Entered a sewer
  1227 | Sewer    | 1227 ||| Stepping ~*~*~tactically~*~*~ (water).
  1250 | Sewer    | Noticed a water moccasin
  1263 | Sewer    | Killed a water moccasin
  1264 | Sewer    | Reached skill level 5 in Axes
  1264 | Sewer    | Reached XP level 6. HP: 36/37 MP: 6/6
  1281 | Sewer    | Identified the +2 robe "Asytept" {Drain Str+7 Slay+3}
  1322 | Sewer    | 1322 ||| UPGRADING to +2 robe "Asytept" {Drain Str+7
                  | Slay+3}.
  1332 | Sewer    | 1332 ||| DROPPING +0 scale mail.
  1333 | Sewer    | 1333 ||| READING scroll labelled VOMEOH TAERIGG.
  1334 | Sewer    | 1334 ||| READING scroll labelled YPLAPS HASA.
  1350 | D:3      | 1350 ||| PLANNING D:1-11
  1387 | D:3      | 1387 ||| Stepping ~*~*~tactically~*~*~ (stealth).
  1389 | D:3      | 1389 ||| Stepping ~*~*~tactically~*~*~ (stealth).
  1415 | D:3      | 1415 ||| Stepping ~*~*~tactically~*~*~ (stealth).
  1451 | D:3      | Reached skill level 1 in Dodging
  1518 | D:3      | 1518 ||| DROPPING +0 club.
  1544 | D:3      | 1544 ||| Stepping ~*~*~tactically~*~*~ (stealth).
  1546 | D:3      | 1546 ||| Stepping ~*~*~tactically~*~*~ (stealth).
  1548 | D:3      | 1548 ||| Stepping ~*~*~tactically~*~*~ (hiding).
  1675 | D:3      | 1675 ||| Stepping ~*~*~tactically~*~*~ (stealth).
  1715 | D:3      | 1715 ||| Stepping ~*~*~tactically~*~*~ (stealth).
  1717 | D:3      | 1717 ||| Stepping ~*~*~tactically~*~*~ (stealth).
  1724 | D:3      | 1724 ||| Stepping ~*~*~tactically~*~*~ (stealth).
  1726 | D:3      | 1726 ||| Stepping ~*~*~tactically~*~*~ (stealth).
  1738 | D:3      | Slain by a gnoll sergeant

Levels and vault maps discovered:
D:1:      wander_arrival_chamber, layout_rooms,
          hellmonk_ecumenical_altar_leap_of_faith, serial_shops, shop
D:2:      layout_rooms, chequers_serial_rivers_micro_d, uniq_natasha
D:3:      layout_basic, cheibrodos_sewer_entry_drain, serial_shops, shop

Skill      XL: |  1  2  3  4  5  6 |
---------------+-------------------+-----
Axes           | 2 3 4 5 |  5.6
Dodging        | 1 |  1.1
Fighting       | |  3.4
Armour         | |  3.2
Shields        | |  3.2

Action                     |  1- 3 |  4- 6 || total
---------------------------+-------+-------++-------
  Melee: War axe           |    61 |   101 ||   162
    Use: Scroll            |     2 |     5 ||     7
 Armour: Scale mail        |    35 |    26 ||    61
         Robe              |       |     8 ||     8
  Dodge: Dodged            |    54 |    80 ||   134
  Block: Buckler           |    16 |    22 ||    38

Table legend:
 A = Non-vault XP
 B = Vault XP
 C = Vault XP percentage of total XP
 D = Non-vault monster count
 E = Vault monster count
 F = Vault count percentage of total count
                 A         B        C        D         E       F
            +---------+---------+-------+---------+---------+-------
      Total |     222 |     200 |  47.4 |      41 |       6 |  12.8
            +---------+---------+-------+---------+---------+-------
        D:1 |      23 |       0 |   0.0 |      13 |       0 |   0.0
        D:2 |      98 |      35 |  26.3 |      12 |       1 |   7.7
        D:3 |     101 |       4 |   3.8 |      16 |       3 |  15.8
      Sewer |       0 |     161 | 100.0 |       0 |       2 | 100.0
            +---------+---------+-------+---------+---------+-------
